 Dungeon Crawl Stone Soup version 0.31.0-12-g77e489cdc1 (webtiles) character file.

Game seed: 16432263895062040038

1253 Gadfly the Cudgeller (level 8, -4/48 HPs)
             Began as a Gargoyle Fighter on Mar 8, 2024.
             Was an Initiate of the Shining One.
             Incinerated by a bombardier beetle (7 damage)
             ... with a burning spray
             ... on level 6 of the Dungeon.
             The game lasted 00:09:12 (5380 turns).

Gadfly the Cudgeller (Gargoyle Fighter)             Turns: 5380, Time: 00:09:12

Health: -4/48      AC: 19    Str: 21    XL:     8   Next: 51%
Magic:  11/11      EV: 11    Int:  8    God:    the Shining One [......]
Gold:   316        SH:  5    Dex: 11    Spells: 7/7 levels left

rFire   . . .        a - +0 flail
rCold   . . .        c - +0 buckler
rNeg    + . .        s - +0 plate armour
rPois   ∞            (no helmet)
rElec   +            r - +0 cloak
rCorr   .            (no gloves)
SInv    .            (no boots)
Will    .....        g - amulet of the acrobat Stlth
                     k - +5 ring of evasion
HPRegen 0.28/turn    (no ring)
MPRegen 0.12/turn

%: acrobat
@: on fire, glowing
A: sickness immunity, AC +5, negative energy resistance 1, electricity
resistance, torment resistance 1, petrification resistance
a: Renounce Religion


You were on level 6 of the Dungeon.
You worshipped the Shining One.
The Shining One was noncommittal.
You visited 2 branches of the dungeon, and saw 7 of its levels.
You also visited: Ossuary.

You collected 316 gold pieces.

Inventory:

Hand Weapons
 a - a +0 flail (weapon)
 b - a +0 morningstar
Armour
 c - a +0 buckler (worn)
 r - a +0 cloak (worn)
 s - a +0 plate armour (worn)
Jewellery
 g - an amulet of the acrobat (around neck)
 k - a +5 ring of evasion (left hand)
Wands
 o - a wand of paralysis (11)
 p - a wand of flame (24) (quivered)
Scrolls
 e - a scroll of immolation
 i - 3 scrolls of teleportation
 j - 3 scrolls of vulnerability
 q - a scroll of fog
 t - a scroll of identify
 u - 3 scrolls of noise
 v - a scroll of fear
Potions
 d - a potion of might
 f - a potion of heal wounds
 h - a potion of resistance
 l - a potion of enlightenment
 m - a potion of haste
 n - 2 potions of curing
 w - a potion of lignification


   Skills:
 + Level 4.9 Fighting
 * Level 5.1 Maces & Flails
 + Level 4.8 Armour
 + Level 4.8 Shields
 * Level 4.9 Invocations
 * Level 4.0 Evocations


You had 7 spell levels left.
You didn't know any spells.
Your spell library was empty.

Dungeon Overview and Level Annotations

Branches:
Dungeon (6/15)             Temple (1/1) D:4         Ossuary (visited)

Altars:
Ashenzari
Cheibriados
Dithmenos
Elyvilon
Fedhas
Gozag
Hepliaklqana
Nemelex Xobeh
Okawaru
Qazlal
Sif Muna
Trog
Uskayaw
Vehumet
Wu Jian
Xom
Yredelemnul
Zin
The Shining One

Shops:
D:4 [


Innate Abilities, Weirdness & Mutations

You are immune to sickness and miasma.
Your stone body is resilient. (AC +5)
You are immune to poison.
You resist negative energy. (rN+)
You are resistant to electric shocks. (rElec)
You are resistant to unholy torment.
You are immune to petrification.


Message History

You are even more covered in liquid fire!
You hit the bombardier beetle.
The bombardier beetle is moderately wounded.
The liquid fire burns you!
* * * LOW HITPOINT WARNING * * *
The orc hits you but does no damage.
The bombardier beetle bites you but does no damage.
Unknown command.
You feel much better. The liquid fire burns you! The orc barely misses you.
You barely miss the bombardier beetle.
The bombardier beetle is moderately wounded.
The liquid fire burns you! The orc hits you but does no damage.
The bombardier beetle bites you but does no damage.
The orc hits you but does no damage.
You sock the bombardier beetle!
The bombardier beetle is severely wounded.
The liquid fire burns you! The orc hits you but does no damage.
You block the bombardier beetle's attack.
You thump the bombardier beetle!
You kill the bombardier beetle!
The liquid fire burns you! The orc hits you with a +0 dagger.
You shake off some of the fire as you move.
The liquid fire burns you!
* * * LOW HITPOINT WARNING * * *
You shake off some of the fire as you move.
The liquid fire burns you!
* * * LOW HITPOINT WARNING * * *
You sock the orc!
You kill the orc!
The liquid fire burns you!
* * * LOW HITPOINT WARNING * * *
You sock the iguana!
The iguana is severely wounded.
The liquid fire burns you!
You die...

~~ ~~≈≈≈S ≈≈≈≈ .... ♣♣~ P~≈≈≈
≈≈§≈ .... .~♣ ~~~≈§ ≈≈≈≈ ...
.. ~P~~~ ≈≈~P .o ##.# ♣~♣~~
~~~ ###S### #.. ♣.♣ §♣~~
#...l.#.#.# #.##♣.♣
.#.#.....#.#@# ###.##..####
........)..#l# #...........
...#.....###.#####.#........#
.........!o)o.......#..##.....
...(########.#######..##.#..#
##...# #.................. ..
....# #..######...####..# ..#
#.#.# ##..# #.#.####..#
#.##.#.## ##...## #.#.......#


You could see an iguana and an orc.

Vanquished Creatures
  A water moccasin (D:5)
  An ice beast (D:5)
  An orc warrior (D:6)
  2 black bears (D:6)
  An ogre (D:5)
  A kobold brigand (D:6)
  An electric eel (D:6)
  A bombardier beetle (D:6)
  A human zombie (Ossuary)
  Natasha (thrice) (D:3)
  2 iguanas
  3 orc wizards
  A statue (D:3)
  4 mummies (Ossuary)
  4 gnolls (D:2)
  8 adders
  2 adder zombies (Ossuary)
  A ribbon worm (D:2)
  7 dart slugs
  18 orcs
  9 ball pythons
  12 endoplasms
  3 giant cockroaches
  4 goblins
  5 hobgoblins
  3 jackals (D:1)
  2 quokkas (D:3)
  4 bats
  3 frilled lizards
  A goblin zombie (Ossuary)
  A hobgoblin zombie (Ossuary)
  A jackal zombie (Ossuary)
  20 kobolds
  2 kobold zombies (Ossuary)
  2 orc zombies (Ossuary)
  10 rats
  2 rat zombies (Ossuary)
147 creatures vanquished.

Notes
Turn   | Place    | Note
-------+----------+-------------------------------------------
     0 | D:1      | Gadfly the Gargoyle Fighter began the quest for the Orb.
     0 | D:1      | Reached XP level 1. HP: 14/14 MP: 1/1
   131 | D:1      | Reached XP level 2. HP: 19/19 MP: 2/2
   265 | D:1      | Reached skill level 1 in Invocations
   283 | D:1      | Reached XP level 3. HP: 13/23 MP: 3/3
   493 | D:1      | Reached skill level 1 in Evocations
  1082 | D:2      | Reached XP level 4. HP: 28/28 MP: 5/5
  1567 | D:3      | Reached XP level 5. HP: 32/32 MP: 6/6
  1608 | D:3      | Noticed Natasha
  1621 | D:3      | Killed Natasha
  1622 | D:3      | Reached skill level 3 in Maces & Flails
  1831 | D:3      | Found a shimmering blue altar of Sif Muna.
  1911 | D:3      | Found a radiant altar of Vehumet.
  1911 | D:3      | Noticed a charred statue
  1922 | D:3      | Killed a charred statue
  2066 | D:3      | Noticed Natasha
  2080 | D:3      | Killed Natasha
  2170 | D:3      | Found a hazy altar of Hepliaklqana.
  2264 | D:3      | Noticed Natasha
  2278 | D:3      | Killed Natasha
  2279 | D:3      | Reached XP level 6. HP: 26/38 MP: 6/8
  2950 | D:4      | Found Narrenuo's Antique Armour Shoppe.
  3039 | D:4      | Found a sand-covered staircase.
  3045 | Ossuary  | Entered an ossuary
  3492 | D:4      | Found a staircase to the Ecumenical Temple.
  3499 | Temple   | Entered the Ecumenical Temple
  3515 | Temple   | Became a worshipper of Elyvilon the Healer
  3962 | D:5      | Entered Level 5 of the Dungeon
  4203 | D:5      | Reached * piety under Elyvilon
  4288 | D:5      | Reached skill level 4 in Maces & Flails
  4288 | D:5      | Reached XP level 7. HP: 22/43 MP: 9/9
  4865 | D:5      | Found a glowing golden altar of the Shining One.
  4897 | D:5      | Fell from the grace of Elyvilon
  4897 | D:5      | Became a worshipper of the Shining One
  5050 | D:6      | Reached XP level 8. HP: 47/48 MP: 11/11
  5356 | D:6      | Reached skill level 5 in Maces & Flails
  5380 | D:6      | Incinerated by a bombardier beetle

Illustrated notes

Levels and vault maps discovered:
D:1:      roderic_crossed_star, layout_basic
D:2:      layout_basic, minmay_increasing_density
D:3:      layout_basic, nicolae_overflow_crystal_walls,
          nicolae_hepliaklqana_hazy_memory, vehumet_statue, uniq_natasha
D:4:      layout_basic, minmay_temple_entry_fiery, nicolae_ossuary_entry_plus,
          serial_shops, shop
D:5:      layout_loops_cross, tso_altar
D:6:      layout_loops_ring, minmay_liquid_box, serial_bayou_lake_a
Temple:   nicolae_temple_superstar

Skill      XL: |  1  2  3  4  5  6  7  8 |
---------------+-------------------------+-----
Invocations    | 1 2 3 4 |  4.9
Evocations     | 1 2 3 4 |  4.0
Maces & Flails | 3 4 5 |  5.1
Shields        | 4 |  4.8
Armour         | 4 |  4.8
Fighting       | 4 |  4.9

Action                     |  1- 3 |  4- 6 |  7- 9 || total
---------------------------+-------+-------+-------++-------
  Melee: Flail             |   131 |   255 |   151 ||   537
  Evoke: Wand              |       |       |     3 ||     3
    Use: Scroll            |     2 |    13 |     1 ||    16
         Potion            |       |     3 |     1 ||     4
 Armour: Scale mail        |    89 |    96 |       ||   185
         Plate armour      |       |   118 |   100 ||   218
  Dodge: Dodged            |    76 |   196 |    55 ||   327
  Block: Buckler           |    31 |    77 |    26 ||   134
